Map: Dusk Towers

Players

Miszu

  • Race: Terran Terran
  • League: Master

Guru - Winner!

  • Race: Zerg Zerg
  • League: Master

VOD

Have the link to the VOD?

Description

Time

  • Played on: Feb. 6, 2016, 4:18 p.m.
  • Length: 5:02
Show
View Real Time Build Order
Export as new Build Order

Miszu Terran 

Build Orders:  

Get SALT Encoding   

  12  0:01  SCV  
  13  0:13  SCV  
  14  0:18  Supply Depot  
  14  0:25  SCV  
  15  0:40  SCV  
  15  0:41  Barracks  
  16  0:45  Refinery  
  16  0:52  SCV  
  17  1:04  SCV  
  18  1:19  SCV  
  19  1:31  Orbital Command  
  19  1:32  Barracks Reactor  
  19  1:41  Command Center  
  19  1:50  Supply Depot  
  19  1:56  SCV  
  20  2:08  SCV  
  21  2:09  Reaper x2  
  23  2:20  SCV  
  24  2:27  Command Center  
  24  2:32  SCV  
  25  2:42  Reaper x2  
  27  2:44  SCV  
  28  2:53  Bunker  
  28  2:56  SCV  
  29  3:03  SCV  
  29  3:07  Barracks  
  29  3:11  Barracks  
  29  3:14  Reaper  
  29  3:16  SCV  
  31  3:31  Marine  
  31  3:35  SCV  
  31  3:36  Orbital Command  
  31  3:47  SCV  
  33  3:48  Bunker  
  33  3:53  SCV  
  33  3:56  Marine  
  33  3:58  Marine  
  33  4:00  SCV  
  36  4:11  SCV  
  36  4:12  Orbital Command  
  36  4:14  Marine  
  35  4:28  SCV  
  33  4:31  Marine  
  33  4:32  Marine  
  33  4:33  SCV  
  33  4:36  Factory  
  36  4:40  SCV  
  37  4:45  SCV  
Show
View Real Time Build Order
Export as new Build Order

Guru Zerg - Winner!

Build Orders: Hatch First 

Get SALT Encoding   

  12  0:01  Drone  
  13  0:12  Overlord  
  13  0:18  Drone  
  14  0:34  Drone x2  
  16  0:36  Drone  
  17  0:52  Drone  
  18  0:59  Hatchery  
  17  1:10  Spawning Pool  
  16  1:14  Drone  
  16  1:16  Extractor  
  16  1:20  Drone  
  16  1:22  Drone  
  18  1:29  Drone  
  19  1:38  Overlord  
  19  1:58  Queen  
  19  2:00  Drone  
  22  2:01  Roach Warren  
  21  2:14  Queen  
  23  2:16  Drone x2  
  23  2:21  Extractor, Drone  
  25  2:35  Drone  
  26  2:41  Roach x3  
  32  2:50  Queen  
  34  2:54  Roach  
  36  3:08  Overlord  
  36  3:20  Overlord  
  36  3:29  Ravager  
  36  3:31  Ravager x2  
  36  3:32  Ravager  
  36  3:33  Roach  
  42  3:34  Drone  
  42  3:35  Drone  
  44  3:50  Roach  
  44  3:51  Roach x3  
  44  3:52  Overlord  
  47  4:31  Roach x4  
Tags
 
Add a new tag
Caveats
  • Supply blocks, unpowered buildings, or Contaminate may cause inaccurate times.
  • Supply counts are checked every 10 seconds.